 Dungeon Crawl Stone Soup version 0.19-a0-231-gae044c8 (webtiles) character file.

29 esc the Magician (level 3, -5/19 HPs)
             Began as a Deep Elf Fire Elementalist on May 24, 2016.
             Slain by a gnoll
             ... wielding a +0 spear
              (7 damage)
             ... on level 1 of the Dungeon.
             The game lasted 00:02:05 (457 turns).

esc the Magician (Deep Elf Fire Elementalist)        Turns: 457, Time: 00:02:05

Health: -5/19      AC:  3    Str:  5    XL:     3   Next: 1%
Magic:  2/10       EV: 13    Int: 20    God:
Gold:   15         SH:  0    Dex: 15    Spells: 1 memorised, 8 levels left

rFire  . . .     SeeInvis .     f - +0 dagger
rCold  . . .     Gourm    .     a - +1 robe
rNeg   . . .     Faith    .     (no shield)
rPois  .         Spirit   .     (no helmet)
rElec  .         Dismiss  .     (no cloak)
rCorr  .         Reflect  .     (no gloves)
SustAt .         Harm     .     (no boots)
MR     .....                    (no amulet)
Stlth  ++........               (no ring)
                                (no ring)

@: not resistant to hostile enchantments, unstealthy
A: no striking features
a: no special abilities


You were on level 1 of the Dungeon.
You were not hungry.

You visited 1 branch of the dungeon, and saw 1 of its levels.

You collected 15 gold pieces.

Inventory:

Hand Weapons
 f - a +0 dagger (weapon)
   (You took it off a kobold on level 1 of the Dungeon)
Armour
 a - a +1 robe (worn)
Books
 b - a book of Flames
Comestibles
 c - a bread ration {@e1}
 d - 5 chunks of flesh {@w0}


   Skills:
 + Level 3.1 Dodging
 - Level 2.4 Stealth
 + Level 3.6 Spellcasting
 + Level 1.5 Conjurations
 + Level 3.5 Fire Magic


You had 8 spell levels left.
You knew the following spells:

 Your Spells              Type           Power        Failure   Level  Hunger
a - Flame Tongue          Conj/Fire      ##...        4%          1    None


Dungeon Overview and Level Annotations

Branches:
Dungeon (1/15)

Altars:


Message History

MP restored: 8 A bat comes into view.
The bat barely misses you.
Aim: a bat The flame tongue hits the bat.
You kill the bat!
You now have 7/8 mp.
You can't see any susceptible monsters within range! (Use Z to cast anyway.)
You can't see any susceptible monsters within range! (Use Z to cast anyway.) No target in view!
Aim: a bat The flame tongue hits the bat.
You kill the bat!
Your Dodging skill increases to level 3!
You now have 6/8 mp.
A rat comes into view.
Aim: a rat (resting)
You miscast Flame Tongue.
You are very lightly contaminated with residual magic.
You have a brief vision of globes of primordial fire.
You now have 6/8 mp.
Aim: a rat (resting)
The flame tongue hits the rat.
You kill the rat!
You now have 5/8 mp.
You see here a rat corpse.
You butcher the rat corpse.
d - 10 chunks of flesh {@w0} (gained 1)
You start resting.
MP restored: 8 Your magical contamination has completely faded away.
Found a stone staircase leading down.
g - a scroll labeled COHIGG FYJUO Read which item? (? for menu, Esc to quit)
As you read the scroll labeled COHIGG FYJUO, it crumbles to dust.
You feel strangely unstable.
It was a scroll of teleportation.
You start waiting.
Your surroundings suddenly seem different.
You see here 19 arrows.
Found an escape hatch in the floor.
A gnoll and a kobold come into view.
A bat and a gnoll come into view.
Aim: a bat (resting)
The flame tongue hits the bat.
The gnoll shouts!
The bat hits you but does no damage.
The gnoll shouts!
You hear a shout!
You now have 7/8 mp.
Some of the chunks of flesh in your inventory have rotted away.
A kobold comes into view.
Aim: a bat (moderately wounded)
The flame tongue hits the gnoll.
The gnoll closely misses you.
You now have 6/8 mp.
The bat barely misses you.
Aim: a bat (moderately wounded)
The flame tongue hits the bat.
You kill the bat!
The gnoll hits you from afar with a spear.
You take 5 damage, and have 10/15 hp.
MASSIVE DAMAGE!!
You now have 5/8 mp.
Aim: a gnoll, wielding a spear (lightly wounded)
The flame tongue hits the gnoll.
The gnoll hits you from afar with a spear.
* * * LOW HITPOINT WARNING * * *
You take 6 damage, and have 4/15 hp.
MASSIVE DAMAGE!!
You now have 4/8 mp.
You aren't carrying any potions.
Aim: a gnoll, wielding a spear (heavily wounded)
The flame tongue hits the gnoll.
The gnoll misses you.
You now have 3/8 mp.
Aim: a gnoll, wielding a spear (heavily wounded)
The flame tongue hits the gnoll.
The gnoll hits you from afar with a spear.
* * * LOW HITPOINT WARNING * * *
You take 3 damage, and have 1/15 hp.
You now have 3/8 mp.
Aim: a gnoll, wielding a spear (almost dead)
The flame tongue hits the gnoll.
You kill the gnoll!
You have reached level 3!
Your experience leads to an increase in your attributes!
Increase (S)trength, (I)ntelligence, or (D)exterity?
You feel clever.
You now have 2/10 mp.
You aren't carrying any potions.
Unknown command.
Firing (i - inventory): No suitable missiles.
Aim: a gnoll, wielding a spear
Okay, then.
Quiver which item? (- for none, * to show all) (? for menu, Esc to quit)
Quivering
e - a throwing net {=f, !d} for throwing.
Aim: a gnoll, wielding a spear You throw a throwing net {=f, !d}.
The throwing net {=f, !d} closely misses the gnoll.
The throwing net {=f, !d} hits the kobold.
The kobold is caught in the net!
The gnoll hits you from afar with a spear!
You die...

#.##### ## ########
###.#...# .. ........
.......# .# ....###
##.#.[.###.# ......#
#..........##### #####.#
#.>..KK.g......#
#####.######....g##...###.
##............#..##..## ..
##.##.######....@#..## #.
##.##.# #.##..#... #.
......# ####.##..##KK #.
...#### #........###.. ...
#. #..# #.........###. #..#
#. ...# #..........##### ..#
#. ..## #..................#
##.
..#######..........##.#..#.#
##.# ......(.............#
.>.#.###.##


You could see a gnoll and 2 kobolds.

Vanquished Creatures
  A gnoll (D:1)
  A giant gecko (D:1)
  2 goblins (D:1)
  2 hobgoblins (D:1)
  2 jackals (D:1)
  6 bats (D:1)
  A kobold (D:1)
  3 rats (D:1)
18 creatures vanquished.

Notes
Turn   | Place    | Note
--------------------------------------------------------------
     0 | D:1      | esc the Deep Elf Fire Elementalist began the quest for the Orb.
     0 | D:1      | Reached XP level 1. HP: 10/10 MP: 6/6
   115 | D:1      | Reached XP level 2. HP: 15/15 MP: 4/8
   354 | D:1      | Reached skill level 3 in Dodging
   454 | D:1      | HP: 1/15 [gnoll/spear (3)]
   456 | D:1      | Reached XP level 3. HP: 2/19 MP: 2/10
   457 | D:1      | Slain by a gnoll

Vault maps used:
D:1:      minmay_arrival_semitransparent, minmay_cupped

Skill      XL: |  1  2 |
---------------+-------+-----
Dodging        | 3 |  3.1
Stealth        | |  2.4
Spellcasting   | |  3.6
Conjurations   | |  1.5
Fire Magic     | |  3.5

Action                   || total
-------------------------++-------
Throw: Throwing net      ||     1
 Cast: Flame Tongue      ||    29
  Use: Scroll            ||     2
Armor: Robe              ||     2
Dodge: Dodged            ||     6

Vault maps used:
D:1:      minmay_arrival_semitransparent, minmay_cupped

Table legend:
 A = Turns spent in this place as a percentage of turns spent in the entire game.
 B = Non-inter-level travel turns spent in this place as a percentage of non-inter-level travel turns spent in the entire game.
 C = Inter-level travel turns spent in this place as a percentage of turns spent in this place.
 D = Turns resting spent in this place as a percentage of non-inter-level travel turns spent in this place.
 E = Turns spent auto-exploring this place as a percentage of non-inter-level travel turns spent in this place.
 F = Non-inter-level travel turns spent in this place divided by the number of levels of this place that you've seen.
                   A       B       C       D       E      F
               +-------+-------+-------+-------+-------+----------------------
         Total | 100.0 | 100.0 |   0.0 |  11.6 |  15.2 | 112.0
       Dungeon | 100.0 | 100.0 |   0.0 |  11.6 |  15.2 | 112.0
               +-------+-------+-------+-------+-------+----------------------

Table legend:
 A = Kills in this place as a percentage of kills in entire the game.
 B = Kills by you in this place as a percentage of kills by you in the entire game.
 C = Kills by friends in this place as a percentage of kills by friends in the entire game.
 D = Other kills in this place as a percentage of other kills in the entire game.
 E = Experience gained in this place as a percentage of experience gained in the entire game.
 F = Experience gained in this place divided by the number of levels of this place that you have seen.
                   A       B       C       D       E      F
               +-------+-------+-------+-------+-------+----------------------
         Total | 100.0 | 100.0 |  -nan |  -nan | 100.0 |  42.0
       Dungeon | 100.0 | 100.0 |  -nan |  -nan | 100.0 |  42.0
               +-------+-------+-------+-------+-------+----------------------
